 Dungeon Sprint DCSS version 0.30-a0-591-g3c58d2bc28 (webtiles) character file.

Game seed: 10012873459354902375

9952 rocky1 the Imperceptible (level 11, -2/63 HPs)
             Began as a Vine Stalker Brigand on Jan 5, 2023.
             Was an Initiate of Gozag.
             Killed by divine providence
             ... invoked by a meliai
              (10 damage)
             ... in the Dungeon (Sprint I: "Red Sonja").
             The game lasted 00:10:59 (1466 turns).

rocky1 the Imperceptible (Vine Stalker Brigand)     Turns: 1466, Time: 00:11:00

Health: -2/63      AC:  5    Str: 13    XL:     11   Next: 54%
Magic:  0/12       EV: 18    Int: 11    God:    Gozag
Gold:   2728       SH:  0    Dex: 25    Spells: 10/10 levels left

rFire   . . .      SeeInvis +    g - +1 dagger (drain)
rCold   . . .      Faith    .    (no shield)
rNeg    + . .      Spirit   +    n - +1 robe of Xuromparch {rPois rN+ Dex+4}
rPois   +          Reflect  .    (no helmet)
rElec   .          Harm     .    A - scarf {repulsion}
rCorr   .          Rampage  .    z - +0 pair of gloves {Stlth+}
Will    +....      NoTele   +    v - +0 pair of boots Stlth *+++++++++
                                 (no amulet)
HPRegen 1.10/turn                C - ring of see invisible
MPRegen 0.13/turn                (no ring)

@: repel missiles
A: fangs 3, regeneration 1, magic shield, antimagic bite, no potion heal 2
a: Renounce Religion, Potion Petition, Call Merchant, Bribe Branch


You were in the Dungeon.
You worshipped Gozag.
Gozag was most pleased with you.
You visited 1 branch You collected 5592 gold pieces.
You spent 2864 gold pieces at shops.

Inventory:

Hand Weapons
 a - a +2 dagger
 g - a +1 dagger of draining (weapon)
 x - the +7 short sword "Ogre's Peril" {heavy, Int+3}
   (You bought it in a shop in the Dungeon)

   Int:       It affects your intelligence (+3).
Missiles
 d - 9 poisoned darts (quivered)
 e - 5 curare-tipped darts
Armour
 c - a +0 cloak
 n - the +1 robe of Xuromparch (worn) {rPois rN+ Dex+4}
   (You bought it in a shop in the Dungeon)

   Dex:       It affects your dexterity (+4).
   rPois:     It protects you from poison.
   rN:        It protects you from negative energy.
 q - a +0 pair of gloves
 s - +2 pearl dragon scales
 t - a +3 leather armour of fire resistance
 u - a +0 pair of gloves of infusion
 v - a +0 pair of boots (worn)
 w - the +4 helmet "Qequloon" {rF+ rC- Int+2 Dex+2}
   (You bought it in a shop in the Dungeon)

   Int:       It affects your intelligence (+2).
   Dex:       It affects your dexterity (+2).
   rF:        It protects you from fire.
   rC:        It makes you vulnerable to cold.
 z - a +0 pair of gloves of stealth (worn)
 A - a scarf of repulsion (worn)
Jewellery
 y - the amulet of Perfectionism {Acrobat rPois rF+}
   (You bought it in a shop in the Dungeon)

   [amulet of the acrobat]

   It increases your evasion while moving and waiting.
   rF:        It protects you from fire.
   rPois:     It protects you from poison.
 C - a ring of see invisible (left hand)
Wands
 l - a wand of iceblast (4)
Scrolls
 b - a scroll of amnesia {unknown}
 k - 2 scrolls of blinking
 m - a scroll of fear {unknown}
Potions
 f - 5 potions of curing
 h - 2 potions of haste
 i - 2 potions of magic
 j - a potion of attraction
 o - 2 potions of might
 p - a potion of brilliance
 r - 2 potions of degeneration {unknown}
 B - a potion of flight


   Skills:
 + Level 9.6 Fighting
 * Level 12.7 Short Blades
 - Level 5.7 Throwing
 + Level 7.2 Dodging
 * Level 25.2 Stealth


You had 10 spell levels left.
You didn't know any spells.
Your spell library was empty.

Dungeon Overview and Level Annotations

Branches:
Dungeon (1/1)

Altars:
Cheibriados
Dithmenos
Elyvilon
Fedhas
Gozag
Hepliaklqana
Kikubaaqudgha
Makhleb
Nemelex Xobeh
Okawaru
Qazlal
Ru
Sif Muna
Trog
Uskayaw
Vehumet
Wu Jian
Xom
Yredelemnul
Zin
The Shining One
Jiyva
Lugonu

Shops:
D ?**:[*[[:**=(*[[(


Innate Abilities, Weirdness & Mutations

You have razor-sharp teeth.
Your natural rate of healing is unusually fast.
When hurt, damage is shared between your health and your magic reserves.
Your bite disrupts and absorbs the magic of your enemies.
Potions cannot restore your health.


Message History

Okay, then.
You see here 27 gold pieces.
The meliai is no longer distracted by gold.
You see here 27 gold pieces.
You now have 2539 gold pieces (gained 27).
You see here 27 gold pieces.
You now have 2566 gold pieces (gained 27).
You see here 27 gold pieces.
You now have 2593 gold pieces (gained 27).
You see here 27 gold pieces.
You now have 2620 gold pieces (gained 27).
You see here 27 gold pieces.
You now have 2647 gold pieces (gained 27).
You see here 27 gold pieces.
You now have 2674 gold pieces (gained 27).
The meliai invokes the aid of its god against you.
Something smites you!
You see here 54 gold pieces.
You now have 2728 gold pieces (gained 54).
You open the large door.
Found 405 gold pieces and a hand axe.
Found 108 gold pieces.
You are engulfed in freezing vapours.
There is a large open door here.
Found 27 gold pieces.
You are engulfed in freezing vapours.
You are engulfed in freezing vapours.
* * * LOW HITPOINT WARNING * * *
The meliai invokes the aid of its god against you.
Something smites you!
* * * LOW HITPOINT WARNING * * *
There is a large open door here.
You close the large door.
The meliai invokes the aid of its god against you.
Something smites you!
* * * LOW HITPOINT WARNING * * *
Okay, then.
There is an open door here.
The meliai mumbles some strange prayers to its god against you.
Something smites you!
You die...
Your body crumbles into a pile of gold.

############################*****
..#__#..'..)#!.#....§§§....+,$*,,
..'..'..#...##'#§####§§§..##$,+,,
#'#__####)..'..#.#,###§§§##*****+
#(####..#####§.'.#+#.###+#,$,**,,
#§#~§~§§#..##°####...#y#,**$$$*,,
§§§~~~..'..#°...○#.○.###,,***$*,,
§§#~~~.)#..#...○@○☼○...#*,*,*$*,,
#'##§#####'###..○#.....#,,***$*,,
#.#[.(.###.'.#..○###++##,**,,$*,,
####'###(###.#..###..##*,,*+***,,
.'.....'.∩##.#..#*##$$#**,,,*,~,,
.###########.##'#$$#)$#$***,*,~,,
###......§##.##.#$$$$$$$$$*,***,,
#.#......§§§.####$$$$$$$$$*,*,+,,
..#...######.#,,+$$$$$$##**+*,**+


You could see a meliai.

Vanquished Creatures
  A lorocyproca (D)
  2 centaur warriors (D)
  Sonja (D)
  A deep troll (D)
  A lindwurm (D)
  An oklob plant (D)
  4 demonic crawlers (D)
  A gargoyle (D)
  2 unseen horrors (D)
  2 kobold demonologists (D)
  A hornet (D)
  A slime creature (D)
  Sigmund (D)
  A yak (D)
  13 hogs (D)
  2 redbacks (D)
  2 floating eyes (D)
  An ogre (D)
  7 necrophages (D)
  8 jellies (D)
  Ijyb (D)
54 creatures vanquished.

Vanquished Creatures (others)
  2 ballistomycete spores (D)
2 creatures vanquished.

Grand Total: 56 creatures vanquished

Notes
Turn   | Place    | Note
-------+----------+-------------------------------------------
     0 | D        | rocky1 the Vine Stalker Brigand began the quest for the
                  | Orb.
     0 | D        | Reached XP level 1. HP: 11/11 MP: 2/2
     2 | D        | Noticed Ijyb
     8 | D        | Killed Ijyb
     9 | D        | Reached skill level 7 in Stealth
     9 | D        | Reached XP level 2. HP: 15/15 MP: 3/3
     9 | D        | Reached XP level 3. HP: 18/18 MP: 4/4
   114 | D        | Noticed an ogre
   120 | D        | Killed an ogre
   121 | D        | Reached skill level 1 in Dodging
   121 | D        | Reached skill level 10 in Stealth
   121 | D        | Gained mutation: Your natural rate of healing is unusually
                  | fast. [Vine Stalker growth]
   121 | D        | Reached XP level 4. HP: 23/24 MP: 2/5
   159 | D        | Noticed Sigmund
   162 | D        | Killed Sigmund
   163 | D        | Reached skill level 13 in Stealth
   163 | D        | Reached XP level 5. HP: 29/29 MP: 6/6
   163 | D        | Reached XP level 6. HP: 33/33 MP: 7/7
   176 | D        | Found an ornate altar of the Wu Jian Council.
   176 | D        | Found a shimmering blue altar of Sif Muna.
   178 | D        | Found a radiant altar of Vehumet.
   183 | D        | Reached skill level 14 in Stealth
   215 | D        | Found Toxt's General Store.
   215 | D        | Found an ancient bone altar of Kikubaaqudgha.
   215 | D        | Found a hazy altar of Hepliaklqana.
   215 | D        | Found a stormy altar of Qazlal.
   215 | D        | Found a hide-covered altar of Uskayaw.
   215 | D        | Found a blossoming altar of Fedhas.
   215 | D        | Found a bloodstained altar of Trog.
   215 | D        | Found an iron altar of Okawaru.
   215 | D        | Found a basalt altar of Yredelemnul.
   215 | D        | Found a glowing golden altar of the Shining One.
   215 | D        | Found a snail-covered altar of Cheibriados.
   215 | D        | Found a sacrificial altar of Ru.
   215 | D        | Found a glowing silver altar of Zin.
   215 | D        | Found a shadowy altar of Dithmenos.
   215 | D        | Found a white marble altar of Elyvilon.
   215 | D        | Noticed a yak
   216 | D        | Found an opulent altar of Gozag.
   217 | D        | Killed a yak
   218 | D        | Reached skill level 5 in Short Blades
   218 | D        | Reached skill level 15 in Stealth
   218 | D        | Reached XP level 7. HP: 38/38 MP: 8/8
   218 | D        | Found a sparkling altar of Nemelex Xobeh.
   223 | D        | Became a worshipper of Gozag Ym Sagoz the Greedy
   227 | D        | Bought a potion of invisibility for 96 gold pieces
   227 | D        | Bought a scroll of identify for 24 gold pieces
   227 | D        | Bought a scroll of identify for 24 gold pieces
   236 | D        | Noticed Sonja
   240 | D        | Killed Sonja
   241 | D        | Reached skill level 5 in Fighting
   241 | D        | Reached skill level 18 in Stealth
   241 | D        | Gained mutation: You have razor-sharp teeth. [Vine Stalker
                  | growth]
   241 | D        | Reached XP level 8. HP: 43/43 MP: 9/9
   292 | D        | Noticed a deep troll
   296 | D        | Killed a deep troll
   297 | D        | Reached skill level 5 in Throwing
   297 | D        | Reached skill level 20 in Stealth
   307 | D        | Found Leabigep's Armour Emporium.
   312 | D        | Bought the +1 robe of Xuromparch {rPois rN+ Dex+4} for 295
                  | gold pieces
   312 | D        | Bought a +0 pair of gloves for 45 gold pieces
   353 | D        | Found Apyacoqu's Magic Scroll Boutique.
   361 | D        | Bought a scroll of blinking for 75 gold pieces
   361 | D        | Bought a scroll of magic mapping for 75 gold pieces
   382 | D        | Noticed a centaur warrior
   402 | D        | Found a burning altar of Makhleb.
   402 | D        | Found a viscous altar of Jiyva.
   402 | D        | Found a shimmering altar of Xom.
   402 | D        | Found a corrupted altar of Lugonu.
   402 | D        | Noticed a slime creature
   405 | D        | Killed a slime creature
   406 | D        | Reached XP level 9. HP: 48/48 MP: 10/10
   421 | D        | Noticed a kobold demonologist
   422 | D        | Noticed a kobold demonologist
   424 | D        | Killed a kobold demonologist
   426 | D        | Reached skill level 21 in Stealth
   427 | D        | Killed a kobold demonologist
   439 | D        | Noticed a demonic crawler
   439 | D        | Noticed a demonic crawler
   439 | D        | Noticed a demonic crawler
   439 | D        | Noticed a demonic crawler
   441 | D        | Killed a demonic crawler
   442 | D        | Killed a demonic crawler
   443 | D        | Reached skill level 22 in Stealth
   444 | D        | Killed a demonic crawler
   445 | D        | Killed a demonic crawler
   446 | D        | Reached XP level 10. HP: 55/55 MP: 11/11
   470 | D        | Noticed a lindwurm
   475 | D        | Killed a lindwurm
   498 | D        | Reached skill level 23 in Stealth
   501 | D        | Reached skill level 10 in Short Blades
   501 | D        | Reached skill level 5 in Dodging
   711 | D        | Noticed a centaur warrior
   746 | D        | Killed a centaur warrior
   761 | D        | Killed a centaur warrior
   762 | D        | Reached skill level 24 in Stealth
   762 | D        | Reached XP level 11. HP: 59/60 MP: 12/12
   790 | D        | Noticed an oklob plant
   792 | D        | Killed an oklob plant
   869 | D        | HP: 3/62 [something (3)]
   875 | D        | HP: 1/62 [something (5)]
  1121 | D        | Found Tauss's Book Shoppe.
  1121 | D        | Found Xaorilugy's Assorted Antiques.
  1121 | D        | Found Rutiogh's Antique Armour Boutique.
  1123 | D        | Found Zeqiecymo's Assorted Antiques.
  1123 | D        | Found Xarusos's Armour Shop.
  1123 | D        | Found Wetir's Antique Armour Shoppe.
  1123 | D        | Found Geofass's Book Boutique.
  1123 | D        | Found Keogocla's Assorted Antiques.
  1123 | D        | Found Jecurul's General Store.
  1123 | D        | Found Syefuc's Jewellery Shoppe.
  1127 | D        | Bought a pair of glowing gloves for 150 gold pieces
  1137 | D        | Found Zicroc's Weapon Boutique.
  1138 | D        | Bought a pair of boots for 90 gold pieces
  1143 | D        | Found Sytytsunt's Armour Emporium.
  1143 | D        | Found Godek's General Store.
  1144 | D        | Found Saonubb's Weapon Emporium.
  1145 | D        | Bought a twisted helmet for 247 gold pieces
  1145 | D        | Identified the +4 helmet "Qequloon" {rF+ rC- Int+2 Dex+2}
                  | (You bought it in a shop in the Dungeon)
  1148 | D        | Bought the +7 short sword "Ogre's Peril" {heavy, Int+3} for
                  | 644 gold pieces
  1149 | D        | Bought the amulet of Perfectionism {Acrobat rPois rF+} for
                  | 578 gold pieces
  1151 | D        | Bought a +0 pair of gloves of stealth for 149 gold pieces
  1151 | D        | Bought a scarf of repulsion for 156 gold pieces
  1172 | D        | Bought a potion of flight for 36 gold pieces
  1241 | D        | Reached skill level 25 in Stealth
  1364 | D        | Bought a ring of see invisible for 180 gold pieces
  1427 | D        | Noticed a lorocyproca
  1433 | D        | Killed a lorocyproca
  1462 | D        | HP: 3/63 [meliai/divine providence (10)]
  1466 | D        | Killed from afar by a meliai

Illustrated notes

Levels and vault maps discovered:
D:        dungeon_sprint_1 [red_sonja_temple_1, red_sonja_temple_small_1]

Skill      XL: |  1  2  3  4  5  6  7  8  9 10 11 |
---------------+----------------------------------+-----
Fighting       | 2 3 4 5 7 8 9 |  9.6
Short Blades   | 2 3 4 5 6 8 11 12 | 12.7
Throwing       | 2 3 4 5 |  5.7
Stealth        | 7 10 13 15 18 20 22 24 25 | 25.2
Dodging        | 1 2 4 6 7 |  7.2

Action                   |  1- 3 |  4- 6 |  7- 9 | 10-12 || total
-------------------------+-------+-------+-------+-------++-------
Melee: Dagger            |     8 |     5 |    10 |   211 ||   234
       Bite              |     2 |     3 |       |    87 ||    92
       Punch             |     1 |       |       |     3 ||     4
Throw: Dart              |       |       |       |     1 ||     1
  Use: Potion            |     1 |       |       |     1 ||     2
       Scroll            |       |       |     4 |       ||     4
 Stab: Sleeping          |     1 |     2 |    10 |    14 ||    27
       Distracted        |       |       |       |     1 ||     1
Armor: Robe              |     1 |     1 |       |    44 ||    46
Dodge: Dodged            |     2 |       |       |    79 ||    81

Table legend: (Time is in decaauts)
 A = Elapsed time spent in this place.
 B = Non-inter-level travel time spent in this place.
 C = Inter-level travel time spent in this place.
 D = Time resting spent in this place.
 E = Time spent auto-exploring this place.
 F = Levels seen in this place.
 G = Mean time per level.
                   A        B        C        D        E       F      G
               +--------+--------+--------+--------+--------+-----+--------+
         Total |   1369 |   1222 |    147 |    287 |      0 |   1 | 1369.0 |
       Dungeon |   1369 |   1222 |    147 |    287 |      0 |   1 | 1369.0 |
               +--------+--------+--------+--------+--------+-----+--------+

Top non-repeatable levels by time:
       D: 1369 daAuts
